AoeStats
← Zima

Arabia

509978454Analyzed
1v1 RM · 5d ago on Sep 28, 2026· 37m 44s· 2 players
Game mode
Random Map
Map size
Tiny (2 player)
Population
200
Speed
Normal
Resources
Standard
Victory
Conquest
Starting age
Dark Age
Ending age
Imperial Age
RankedLock teamsTeams togetherTeam positionsShared explorationLock speedFull tech treeHidden civsTurbo modeCheats
Victory
Defeat
🇦🇷 Chinese · Argentina
1638
+13
🇨🇴 Tatars · Colombia
1564
-13
Zima
8:49 Feudal Age
8:05 Loom
10:14 Double-Bit Axe
12:57 Wheelbarrow
12:03 Horse Collar
19:32 Castle Age
18:25 Forging
19:56 Bloodlines
20:11 Light Cavalry
23:02 Fletching
32:07 Elite Skirmisher
33:31 Husbandry
35:21 Bow Saw
35:57 Scale Barding Armor
38:04 Padded Archer Armor
DGHIR | Lukera
0:28 Loom
8:45 Feudal Age
9:24 Double-Bit Axe
10:35 Horse Collar
19:57 Castle Age
18:39 Fletching
20:04 Crossbowman
20:40 Bodkin Arrow
21:46 Bow Saw
22:53 Wheelbarrow
22:47 Heavy Plow
27:09 Ballistics
35:05 Town Watch
36:03 Padded Archer Armor
37:29 Scale Barding Armor
37:26 Scale Mail Armor
37:50 Bloodlines
Connection lost

Rejoining the realm…

Still unreachable

The connection could not be restored.

Session expired

The server has moved on; the page needs a fresh start.